 Dungeon Crawl Stone Soup version 0.29.1-2-gbd0b4ee654 (webtiles) character file.

Game seed: 5274815788848890116

15508 Avanven the Destroyer (level 12, -10/81 HPs)
             Began as a Purple Draconian Conjurer on Nov 5, 2022.
             Was a Follower of Vehumet.
             Mangled by a catoblepas (30 damage)
             ... on level 1 of the Lair of Beasts.
             The game lasted 01:10:49 (19113 turns).

Avanven the Destroyer (Purple Draconian Conjurer)  Turns: 19113, Time: 01:10:50

Health: -10/81     AC: 12    Str: 16    XL:     12   Next: 1%
Magic:  7/26       EV: 11    Int: 22    God:    Vehumet [*.....]
Gold:   608        SH:  0    Dex:  5    Spells: 10/32 levels left

rFire   . . .      SeeInvis +   q - +1 rapier of Gallantry {freeze, rPois rCorr Str+5 Dex-5}
rCold   . . .      Faith    .   (no shield)
rNeg    + . .      Spirit   .   (body armour unavailable)
rPois   +          Reflect  .   (helmet restricted)
rElec   .          Harm     .   l - +2 cloak
rCorr   +          Rampage  .   e - +0 pair of gloves
Will    +....                   (no boots)
Stlth   +.........              (no amulet)
HPRegen 0.23/turn               d - ring of positive energy
MPRegen 0.20/turn               n - ring of see invisible

@: short of breath, hasted, very quick
A: breathe power, AC +8, unfitting armour, cold-blooded
a: Breathe Dispelling Energy, Renounce Religion


You were on level 1 of the Lair of Beasts.
You worshipped Vehumet.
Vehumet was aware of your devotion.
You visited 3 branches of the dungeon, and saw 12 of its levels.

You collected 608 gold pieces.

Inventory:

Hand Weapons
 q - the +1 rapier of Gallantry (weapon) {freeze, rPois rCorr Str+5 Dex-5}
   (You found it on level 5 of the Dungeon)

   It freezes those it strikes, dealing additional cold damage.
   It can also slow down cold-blooded creatures.
   Str:       It affects your strength (+5).
   Dex:       It affects your dexterity (-5).
   rPois:     It protects you from poison.
   rCorr:     It protects you from acid and corrosion.
Armour
 e - a +0 pair of gloves (worn)
 l - a +2 cloak (worn)
Magical Staves
 h - a staff of fire
Jewellery
 d - a ring of positive energy (left hand)
 i - a +6 ring of dexterity
 n - a ring of see invisible (right hand)
Wands
 k - a wand of charming (11)
 r - a wand of roots (10)
 y - a wand of quicksilver (6)
Scrolls
 a - a scroll of immolation {unknown}
 c - 6 scrolls of identify
 g - a scroll of poison
 j - 4 scrolls of amnesia
 v - 2 scrolls of vulnerability
 w - a scroll of fear
Potions
 f - 2 potions of cancellation
 m - 4 potions of haste
 o - 2 potions of flight
 p - 2 potions of brilliance
 s - 4 potions of curing
 t - a potion of resistance
 u - a potion of might
 x - a potion of lignification {unknown}


   Skills:
 - Level 1.7 Dodging
 - Level 1.7 Stealth
 + Level 10.8 Spellcasting
 - Level 11.6 Conjurations
 * Level 9.5 Hexes
 - Level 10.3 Air Magic


You had 10 spell levels left.
You knew the following spells:

 Your Spells              Type           Power      Damage    Failure   Level
a - Magic Dart            Conj           100%       1d8       1%          1
b - Searing Ray           Conj           100%       2d8       1%          2
c - Dazzling Flash        Conj/Hex       100%       N/A       1%          3
d - Fulminant Prism       Conj/Hex       27%        3d14      1%          4
e - Confusing Touch       Hex            52%        N/A       1%          3
f - Lightning Bolt        Conj/Air       28%        1d45      1%          5
g - Airstrike             Air            27%        2d(4-20)  1%          4

Your spell library contained the following spells:

 Spells                   Type           Power      Damage    Failure   Level
 Foxfire                  Conj/Fire      100%       2x1d9     1%          1
 Cause Fear               Hex            26%        N/A       1%          4
 Inner Flame              Hex/Fire       32%        N/A       2%          3
 Iskenderun's Mystic Bla  Conj/Tloc      37%        2d9       4%          4
 Apportation              Tloc           22%        N/A       5%          1
 Necrotise                Necr           44%        1d6       5%          1
 Summon Lightning Spire   Summ/Air       34%        N/A       7%          4
 Irradiate                Conj/Tmut      18%        3d17      14%         5
 Vampiric Draining        Necr           11%        2d6       17%         3
 Yara's Violent Unravell  Hex/Tmut       16%        3d8       22%         5
 Enfeeble                 Hex            26%        N/A       67%         7
 Agony                    Necr           11%        N/A       83%         5
 Alistair's Intoxication  Tmut/Pois      7%         N/A       83%         5
 Blade Hands              Tmut           5%         N/A       83%         5
 Dragon Form              Tmut           5%         N/A       100%        7
 Discord                  Hex            26%        N/A       100%        8


Dungeon Overview and Level Annotations

Branches:
Dungeon (9/15)             Temple (1/1) D:7            Lair (2/5) D:8
  Swamp: Lair:2-3    Shoals: Lair:2-3     Snake: Lair:2-3    Spider: Lair:2-3
    Orc: D:9-12

Altars:
Ashenzari
Cheibriados
Dithmenos
Elyvilon
Fedhas
Gozag
Hepliaklqana
Kikubaaqudgha
Nemelex Xobeh
Okawaru
Qazlal
Ru
Sif Muna
Trog
Uskayaw
Vehumet
Wu Jian
Xom
Yredelemnul
Zin
The Shining One

Shops:
D:4 [

Annotations:
D:7 2 transporters, itabs500's ghost, novice OpCj
D:8 1 runed translucent door


Innate Abilities, Weirdness & Mutations

You can breathe bolts of dispelling energy.
Your rich purple scales are hard. (AC +8)
You cannot fit into any form of body armour.
You are cold-blooded and may be slowed by cold attacks.


Message History

You hear a mighty clap of thunder!
The bolt of lightning hits the catoblepas!
The catoblepas is moderately wounded.
You hear a bellow! x2; You hear a loud, deep croak!
Casting: Lightning Bolt (dangerous; 1% risk of failure)
Confirm with . or Enter, or press ? or * to list all spells.
Aiming: Lightning Bolt (dangerous; 1% risk of failure)
Press: ? - help, Shift-Dir - straight line You hear a mighty clap of thunder!
The bolt of lightning hits the catoblepas.
The catoblepas is moderately wounded.
You hear a croak.
The catoblepas gores you!
The catoblepas breathes a plume of calcifying dust at you.
The blast of calcifying dust hits you but does no damage.
You climb upwards.
There is a stone staircase leading down here.
The catoblepas attacks as you move away!
The catoblepas gores you.
There is an open door here.
The catoblepas attacks as you move away!
The catoblepas gores you but does no damage.
The catoblepas attacks as you move away!
The catoblepas gores you!!
The catoblepas attacks as you move away!
The catoblepas gores you!!
* * * LOW HITPOINT WARNING * * *
The catoblepas breathes a plume of calcifying dust at you.
The blast of calcifying dust hits you but does no damage.
Aiming: Breathe Dispelling Energy (2% risk of failure)
Press: ? - help, Shift-Dir - straight line, f - catoblepas
Aim: a catoblepas (calcifying dust, moderately wounded, 100% to hit)
You breathe a bolt of dispelling energy.
The bolt of dispelling energy hits the catoblepas!
The catoblepas is heavily wounded.
The catoblepas attacks as you move away!
The catoblepas gores you.
* * * LOW HITPOINT WARNING * * *
You feel yourself speed up. The catoblepas gores you!!
You die...

..........>......................
.................................
.................................
.................................
...............|...........[.....
#................................
###......###'###....###..+####...
#.#......##..###....#####.# #...
..'.....##....##@.§...###.####...
.#......##.....#Y§...........+...
###.....##...>##....##P....##....
##......###..##.....######.###...
###.....###'####.....# ###..#P...
##..............<...###P#+###...
##......)........................
.................................
.................................


You could see a catoblepas.

Vanquished Creatures
  3 two-headed ogres
  A necromancer (Lair:2)
  A cyclops (D:9)
  A black mamba (Lair:1)
  4 cane toads (Lair:1)
  Prince Ribbit (D:7)
  9 blink frogs
  A wyvern (Lair:2)
  22 yaks
  2 basilisks
  3 steam dragons (D:9)
  An acid dragon (D:9)
  4 water moccasins (Lair:1)
  2 ice beasts (D:5)
  3 black bears
  A sky beast (D:7)
  5 centaurs
  3 wolves (Lair:1)
  2 phantoms
  A kobold brigand (D:9)
  A necrophage (D:6)
  6 scorpions
  8 bullfrogs
  19 wights
  2 killer bees (D:9)
  2 vampire bats (D:5)
  5 howler monkeys
  7 orc priests
  2 hounds (D:7)
  Crazy Yiuf (D:2)
  5 jellies
  5 gnoll boudas
  4 iguanas
  Natasha (twice) (D:2)
  10 orc wizards
  A yak simulacrum (Lair:2)
  A wolf simulacrum (Lair:2)
  24 gnolls
  5 adders
  A white imp (D:5)
  An ufetubus (D:6)
  A worm (D:3)
  3 dart slugs
  28 orcs
  9 bats
  4 bat skeletons (D:5)
  A bat zombie (D:5)
  10 endoplasms
  2 giant cockroaches
  5 goblins
  7 hobgoblins
  3 quokkas
  9 ball pythons
  4 frilled lizards
  12 kobolds
  8 rats
  A fulminant prism (D:9)
289 creatures vanquished.

Vanquished Creatures (others)
  A bush (Lair:1)
  85 fulminant prisms
  17 fungi
  31 plants
134 creatures vanquished.

Grand Total: 423 creatures vanquished

Notes
Turn   | Place    | Note
-------+----------+-------------------------------------------
     0 | D:1      | Avanven the Draconian Conjurer began the quest for the Orb.
     0 | D:1      | Reached XP level 1. HP: 14/14 MP: 3/3
   272 | D:1      | Reached XP level 2. HP: 20/20 MP: 3/5
   438 | D:1      | Learned a level 2 spell: Searing Ray
   948 | D:1      | Reached skill level 5 in Conjurations
  1051 | D:1      | Reached XP level 3. HP: 26/26 MP: 4/6
  1561 | D:2      | Found a faded altar of an unknown god.
  2083 | D:2      | Noticed Natasha
  2090 | D:2      | Killed Natasha
  2101 | D:2      | Noticed Natasha
  2346 | D:2      | Reached XP level 4. HP: 25/33 MP: 0/7
  2410 | D:2      | Killed Natasha
  2891 | D:2      | Found a runed translucent door.
  2892 | D:2      | Noticed Crazy Yiuf
  3007 | D:2      | Killed Crazy Yiuf
  3240 | D:3      | Reached XP level 5. HP: 38/38 MP: 7/9
  3263 | D:3      | Reached skill level 6 in Conjurations
  4237 | D:3      | Learned a level 3 spell: Dazzling Flash
  4473 | D:4      | Found Xisy Fio's Antique Armour Boutique.
  4777 | D:4      | Reached XP level 6. HP: 45/45 MP: 8/10
  4963 | D:4      | Reached skill level 1 in Hexes
  5163 | D:4      | Reached skill level 7 in Conjurations
  5440 | D:4      | Found a broken altar of Ashenzari.
  5497 | D:4      | Your scales start taking on a rich purple colour.
  5497 | D:4      | Reached XP level 7. HP: 50/50 MP: 2/13
  5889 | D:5      | Entered Level 5 of the Dungeon
  6063 | D:5      | Identified the +1 rapier of Gallantry {freeze, rPois rCorr
                  | Str+5 Dex-5}
  6073 | D:5      | Found a hazy altar of Hepliaklqana.
  6103 | D:5      | Reached skill level 5 in Spellcasting
  6230 | D:5      | Reached skill level 8 in Conjurations
  6526 | D:5      | Reached XP level 8. HP: 57/57 MP: 10/16
  6671 | D:4      | Learned a level 4 spell: Fulminant Prism
  7766 | D:5      | Reached skill level 9 in Conjurations
  8094 | D:5      | Found an ancient bone altar of Kikubaaqudgha.
  8244 | D:5      | Identified a scroll of acquirement
  8244 | D:5      | Acquired a book of Transfigurations
  8454 | D:6      | Learned a level 3 spell: Confusing Touch
  8531 | D:6      | Reached skill level 5 in Hexes
  8854 | D:6      | Found a stormy altar of Qazlal.
  9232 | D:6      | Reached XP level 9. HP: 62/62 MP: 12/19
  9251 | D:6      | Reached skill level 10 in Conjurations
  9984 | D:7      | Noticed Prince Ribbit
  9998 | D:7      | Killed Prince Ribbit
 10335 | D:7      | Noticed a two-headed ogre
 10346 | D:7      | Reached skill level 11 in Conjurations
 10347 | D:7      | Killed a two-headed ogre
 10439 | D:7      | Learned a level 5 spell: Lightning Bolt
 10569 | D:7      | Reached skill level 1 in Air Magic
 10653 | D:7      | Found a transporter.
 10653 | D:7      | Found a transporter.
 10656 | D:7      | Noticed itabs500's ghost (novice OpCj)
 10886 | D:7      | Found a staircase to the Ecumenical Temple.
 10895 | Temple   | Entered the Ecumenical Temple
 11290 | D:8      | Found a bloodstained altar of Trog.
 11319 | D:8      | Found a runed translucent door.
 11326 | D:8      | Reached XP level 10. HP: 69/69 MP: 10/20
 11427 | D:8      | Found a staircase to the Lair.
 12209 | D:8      | Found a blossoming altar of Fedhas.
 13151 | D:9      | Reached skill level 5 in Air Magic
 13560 | D:9      | Noticed a two-headed ogre
 13567 | D:9      | Killed a two-headed ogre
 13866 | D:9      | Found a glowing golden altar of the Shining One.
 13867 | D:9      | Found a glowing silver altar of Zin.
 13870 | D:9      | Found a white marble altar of Elyvilon.
 13942 | D:9      | Identified the +2 leather armour "Noatzuh" {rPois Regen+}
 13959 | D:9      | Identified the +1 leather armour of Midwinter {Str+3 Int+2}
 14531 | D:9      | Learned a level 4 spell: Airstrike
 15011 | D:9      | Noticed a two-headed ogre
 15018 | D:9      | Killed a two-headed ogre
 15019 | D:9      | Reached XP level 11. HP: 74/74 MP: 3/23
 15440 | D:9      | Found a radiant altar of Vehumet.
 15445 | D:9      | Became a worshipper of Vehumet
 15636 | Lair:1   | Entered Level 1 of the Lair of Beasts
 16219 | Lair:1   | Reached skill level 10 in Air Magic
 16587 | Lair:1   | Reached * piety under Vehumet
 16587 | Lair:1   | Offered knowledge of Foxfire by Vehumet.
 16588 | Lair:1   | Reached skill level 10 in Spellcasting
 16616 | Lair:1   | HP: 2/74 [blink frog (15)]
 18308 | Lair:2   | Identified the +6 scale mail of Spring Thaw {Fly}
 18368 | Lair:2   | Noticed a necromancer
 18372 | Lair:2   | Killed a necromancer
 18372 | Lair:2   | Noticed a death yak
 18373 | Lair:2   | Noticed a death yak
 18800 | Lair:2   | Reached XP level 12. HP: 81/81 MP: 10/26
 18838 | Lair:2   | Noticed a catoblepas
 19113 | Lair:1   | Mangled by a catoblepas

Illustrated notes

Levels and vault maps discovered:
D:1:      doesnt_arrival_eight_statues, layout_loops_corners,
          minmay_tiny_reverse_x
D:2:      layout_basic, hellmonk_ecumenical_altar_arch_garden,
          uniq_crazy_yiuf_cottage, uniq_natasha
D:3:      layout_loops_corners
D:4:      layout_loops_ring, cheibrodos_ashenzari_chains, serial_shops,
          nicolae_stop_n_shop_2
D:5:      layout_basic, overflow_temple_1_default, kennysheep_vampire_church,
          minmay_misc_feat_square, grunt_ministairs_2,
          kennysheep_generic_room_10
D:6:      layout_basic, grunt_qazlal_sundering, serial_glass, glass_columns_a,
          glass_columns_c, kennysheep_generic_room_16
D:7:      layout_basic, minmay_temple_entry_stoned_glass, gammafunk_ghost_hive,
          uniq_prince_ribbit1
D:8:      layout_layer_cave, mainiacjoe_overflow_large_starburst,
          dpeg_oklobed_lair, lightli_church_of_beogh
D:9:      nzn_winding_woodlands_three_and_one
          [nzn_winding_woodlands_5x15_lazy_stream,
          nzn_winding_woodlands_5x15_zeroes, nzn_winding_woodlands_5x15_crooked,
          nzn_winding_woodlands_center_lodge], layout_grid_maze,
          good_gods_mini_temple, marbit_many_paths
Temple:   nicolae_temple_slightly_damp_pantheon
Lair:1:   layout_regular_city, gauntlet_entry_generic, lemuel_fruit_tree
Lair:2:   layout_regular_city, skrybe_swamp_entry_bodies, st_stairs_9,
          eino_house_with_fridge, grunt_megastairs_1

Skill      XL: |  1  2  3  4  5  6  7  8  9 10 11 |
---------------+----------------------------------+-----
Conjurations   | 5 6 7 8 9 11 | 11.6
Spellcasting   | 3 4 5 6 8 10 | 10.8
Hexes          | 2 3 5 7 9 |  9.5
Air Magic      | 2 8 10 | 10.3
Dodging        | |  1.7
Stealth        | |  1.7

Action                   |  1- 3 |  4- 6 |  7- 9 | 10-12 || total
-------------------------+-------+-------+-------+-------++-------
Melee: Unarmed           |     4 |    26 |     1 |       ||    31
       Tailslap          |     1 |     2 |     1 |     1 ||     5
       Rapier            |       |       |     8 |    10 ||    18
       Punch             |       |       |       |     1 ||     1
 Cast: Magic Dart        |    79 |   107 |   139 |    29 ||   354
       Searing Ray       |       |    10 |    32 |    25 ||    67
       Dazzling Flash    |       |       |     1 |       ||     1
       Fulminant Prism   |       |       |    39 |    47 ||    86
       Confusing Touch   |       |       |     2 |     7 ||     9
       Lightning Bolt    |       |       |       |    41 ||    41
       Airstrike         |       |       |       |    45 ||    45
 Abil: Breathe Dispellin |       |       |       |     1 ||     1
  Use: Scroll            |     1 |       |    13 |    11 ||    25
       Potion            |       |     2 |       |     6 ||     8
Armor: Skin              |    10 |    29 |    48 |    51 ||   138
Dodge: Dodged            |     7 |    22 |    64 |    54 ||   147
